 Dungeon Crawl Stone Soup version 0.19-a0-734-ge18daf0 (webtiles) character file.

228 Justinthyme the Charlatan (level 5, -9/38 HPs)
             Began as a Demonspawn Artificer on June 22, 2016.
             Mangled by Sigmund
             ... wielding a +0 scythe
              (11 damage)
             ... on level 5 of the Dungeon.
             The game lasted 00:04:09 (2492 turns).

Justinthyme the Charlatan (Demonspawn Artificer)    Turns: 2492, Time: 00:04:10

Health: -9/38      AC:  6    Str: 12    XL:     5   Next: 70%
Magic:  0/9        EV: 12    Int: 12    God:
Gold:   91         SH:  0    Dex: 15    Spells: 0 memorised, 4 levels left

rFire  . . .     SeeInvis .     a - +0 short sword
rCold  . . .     Gourm    .     b - +0 leather armour
rNeg   . . .     Faith    .     (no shield)
rPois  .         Spirit   +     (no helmet)
rElec  .         Dismiss  .     (no cloak)
rCorr  .         Reflect  .     (no gloves)
SustAt .         Harm     .     (no boots)
MR     .....                    l - amulet of guardian spirit
Stlth  +.........               (no ring)
                                (no ring)

@: not resistant to hostile enchantments, very unstealthy
A: claws 1, slimy green scales 2, rot immunity
a: no special abilities


You were on level 5 of the Dungeon.
You were not hungry.

You visited 1 branch of the dungeon, and saw 5 of its levels.

You collected 91 gold pieces.

Inventory:

Hand Weapons
 a - a +0 short sword (weapon)
Armour
 b - a +0 leather armour (worn)
Jewellery
 l - an amulet of guardian spirit (around neck)
Wands
 c - a wand of flame (0/48)
 d - a wand of enslavement (11/24)
 e - a wand of random effects (0/48)
 o - a wand of slowing (35/48)
Scrolls
 h - a scroll of identify
 i - a scroll of random uselessness {unknown}
 k - a scroll of amnesia
Potions
 g - a potion of magic {unknown}
 j - a potion of heal wounds
Comestibles
 f - 2 bread rations
 m - 5 fruits
 n - 2 beef jerkies


   Skills:
 + Level 1.7 Fighting
 - Level 0.8 Short Blades
 * Level 2.3 Armour
 - Level 1.7 Dodging
 - Level 0.8 Stealth
 * Level 5.5 Evocations


You had 4 spell levels left.
You didn't know any spells.

Dungeon Overview and Level Annotations

Branches:
Dungeon (5/15)
 Temple: D:4-7

Altars:

Annotations:
D:5 Sigmund


Innate Abilities, Weirdness & Mutations

You have sharp fingernails.
You are mostly covered in slimy green scales. (AC +3)
You are immune to rotting.


Message History

Evoke which item? (* to show all) (? for menu, Esc to quit)
Zapping:
e - a wand of random effects (4/48)
Press: ? - help, Shift-Dir - straight line Nothing appears to happen.
This wand has 3 charges left.
Something hits you but does no damage.
Evoke which item? (* to show all) (? for menu, Esc to quit)
Zapping:
e - a wand of random effects (3/48)
Press: ? - help, Shift-Dir - straight line You hear a mighty clap of thunder!
This wand has 2 charges left.
Something hits you but does no damage.
Evoke which item? (* to show all) (? for menu, Esc to quit)
Zapping:
e - a wand of random effects (2/48)
Press: ? - help, Shift-Dir - straight line Nothing appears to happen.
This wand has 1 charge left.
Something hits you.
* * * LOW HITPOINT WARNING * * *
Evoke which item? (* to show all) (? for menu, Esc to quit)
Zapping:
e - a wand of random effects (1/48)
Press: ? - help, Shift-Dir - straight line Nothing appears to happen.
This wand has 0 charges left.
Something hits you!
You die...

#.####.......##.#
.# ##....####.#
#....# #.#
#####....####.#
#.............#
..)......######
.#####.##
#.####.##
#.@{....#
######.##


There were no monsters in sight!

Vanquished Creatures
  A giant frog skeleton (D:4)
  A worker ant (D:4)
  A hound zombie (D:5)
  3 gnolls
  5 adders
  A shadow imp (D:3)
  An adder skeleton (D:4)
  3 worms
  A dart slug (D:2)
  4 giant geckos
  2 orcs
  2 giant cockroaches (D:2)
  3 goblins
  2 hobgoblins (D:2)
  2 jackals (D:1)
  A kobold (D:2)
  A quokka (D:4)
  2 bats
  A rat (D:2)
37 creatures vanquished.

Vanquished Creatures (collateral kills)
  A hobgoblin (D:2)
1 creature vanquished.

Vanquished Creatures (others)
  An iguana (D:4)
  An adder (D:2)
  A gnoll (D:3)
  A worm (D:3)
4 creatures vanquished.

Grand Total: 42 creatures vanquished

Notes
Turn   | Place    | Note
--------------------------------------------------------------
     0 | D:1      | Justinthyme the Demonspawn Artificer began the quest for the Orb.
     0 | D:1      | Reached XP level 1. HP: 15/15 MP: 3/3
   104 | D:2      | Gained mutation: You have sharp fingernails. [demonic ancestry]
   104 | D:2      | Reached XP level 2. HP: 7/21 MP: 4/4
   406 | D:2      | Reached skill level 4 in Evocations
   457 | D:2      | Gained mutation: You are partially covered in slimy green scales. (AC +2) [demonic ancestry]
   457 | D:2      | Reached XP level 3. HP: 21/26 MP: 6/6
  1097 | D:2      | Reached skill level 5 in Evocations
  1097 | D:2      | Gained mutation: You are mostly covered in slimy green scales. (AC +3) [demonic ancestry]
  1097 | D:2      | Reached XP level 4. HP: 16/32 MP: 7/7
  1686 | D:3      | Reached skill level 1 in Armour
  1956 | D:4      | Gained mutation: You are immune to rotting. [demonic ancestry]
  1956 | D:4      | Reached XP level 5. HP: 27/37 MP: 8/8
  2416 | D:5      | Entered Level 5 of the Dungeon
  2466 | D:5      | Noticed Sigmund
  2492 | D:5      | Mangled by Sigmund

Vault maps used:
D:1:      minmay_arrival_cross
D:2:      first_bread, johnstein_pakellas_dig
D:3:      nicolae_overflow_hidden_temple
D:4:      bh_chokoban
D:5:      nicolae_gozag_seed_capital, grunt_temple_overflow_open,
          uniq_blork_the_orc, uniq_sigmund

Skill      XL: |  1  2  3  4  5 |
---------------+----------------+-----
Evocations     | 4 5 |  5.5
Armour         | 1 2 |  2.3
Fighting       | |  1.7
Short Blades   | |  0.8
Dodging        | |  1.7
Stealth        | |  0.8

Action                   |  1- 3 |  4- 6 || total
-------------------------+-------+-------++-------
Melee: Short sword       |   103 |   129 ||   232
Evoke: Wand              |    16 |    19 ||    35
  Use: Scroll            |       |     2 ||     2
 Stab: Sleeping          |     4 |     1 ||     5
       Paralysed         |       |     5 ||     5
  Eat: Chunk             |       |     5 ||     5
Armor: Leather armour    |    33 |    33 ||    66
Dodge: Dodged            |    60 |    75 ||   135
